 Dungeon Crawl Stone Soup version 0.14-a0-1546-g4b4961f (webtiles) character file.

10591 PolkaDot the Unseen (level 11, -6/68 HPs)
             Began as a Vampire Enchanter on Dec 18, 2013.
             Was a Follower of Ashenzari.
             Killed from afar by an electric eel (7 damage)
             ... with a bolt of electricity
             ... on Level 10 of the Dungeon.
             The game lasted 01:04:49 (11648 turns).

PolkaDot the Unseen (Vampire Enchanter)            Turns: 11648, Time: 01:04:49

HP  -6/68        AC  5     Str  7      XL: 11   Next: 30%
MP   4/17        EV 13     Int 17      God: Ashenzari [*.....]
Gold 607         SH  0     Dex 17      Spells:  5 memorised,  0 levels left

rFire  + . .     SeeInvis +     a - +4,+3 dagger
rCold  + . .     Clarity  .     b - +2 robe (curse)
rNeg   + + .     Conserve .     (no shield)
rPois  +         rCorr    .     (no helmet)
rElec  .         rRot     +     (no cloak)
SustAb . .       Spirit   .     o - +0 pair of gloves
rMut   +         Warding  .     (no boots)
Saprov . . .     Stasis   .     r - cursed amulet of resist mutation
                                f - cursed ring of fire
                                q - cursed ring of protection from cold

@: regenerating slowly, very slightly contaminated, somewhat resistant to
hostile enchantments, extraordinarily stealthy
A: bottle blood, fangs 3, see invisible, (mutation resistance 0), unbreathing
a: Bat Form, Bottle Blood, Renounce Religion


You were on level 10 of the Dungeon.
You worshipped Ashenzari.
Ashenzari was aware of your devotion.
You were very thirsty.

You visited 2 branches of the dungeon, and saw 11 of its levels.
You also visited: Ossuary and Bailey.

You collected 607 gold pieces.

Inventory:

Hand weapons
 a - a +4,+3 dagger (weapon)
Armour
 b - a cursed +2 robe (worn)
 o - a +0 pair of gloves (worn)
Magical devices
 g - a wand of magic darts (19)
 w - a wand of polymorph (0)
Scrolls
 d - a scroll of identify
 e - a scroll of fog {unknown}
 i - a scroll of fear
 j - a scroll of magic mapping
 k - 2 scrolls of recharging {unknown}
 p - a scroll of random uselessness {unknown}
 s - a scroll of blinking {unknown}
 u - a scroll of amnesia {unknown}
 v - a scroll of teleportation
 A - a scroll of summoning {unknown}
 B - 4 scrolls of enchant armour
 D - a scroll of enchant weapon III {unknown}
Jewellery
 f - a cursed ring of fire (right hand)
 q - a cursed ring of protection from cold (left hand)
 r - a cursed amulet of resist mutation (around neck)
Potions
 l - a potion of restore abilities
 m - 2 potions of heal wounds
 n - 5 potions of curing
 x - 4 potions of invisibility
 C - a potion of brilliance
Books
 c - a book of Maledictions

   Spells                             Type                      Level
   *Corona                            Hexes                        1
   *Sure Blade                        Hexes/Charms                 2
   *Ensorcelled Hibernation           Hexes/Ice                    2
   *Confuse                           Hexes                        3
   Enslavement                        Hexes                        4
   *Invisibility                      Hexes                        6


   Skills:
 - Level 7.9 Short Blades
 - Level 0.7 Throwing
 - Level 2.1 Dodging
 + Level 17.2 Stealth
 - Level 2.0 Spellcasting
 * Level 15.6 Hexes


You couldn't memorise any spells.
You knew the following spells:

 Your Spells              Type           Power        Failure   Level  Hunger
a - Corona                Hex            ######.      1%          1    #......
b - Sure Blade            Hex/Chrm       ####......   1%          2    ###....
c - Confuse               Hex            ######..     1%          3    ####...
d - Ensorcelled Hibernat  Hex/Ice        ##....       1%          2    ###....
i - Invisibility          Hex            ######..     6%          6    #######


Dungeon Overview and Level Annotations

Branches:
Dungeon (10/16)            Temple (1/1) D:5             Orc (0/4) D:9
   Lair (0/8) D:10

Altars:
Ashenzari
Cheibriados
Elyvilon
Fedhas
Kikubaaqudgha
Makhleb
Nemelex Xobeh
Okawaru
Sif Muna
Trog
Vehumet
Xom
Yredelemnul
Zin
the Shining One


Innate Abilities, Weirdness & Mutations

You heal slowly.
You can bottle blood from corpses.
You have razor-sharp teeth.*
You have supernaturally acute eyesight.
You can survive without breathing.*
((You are somewhat resistant to further mutation.))+


Message History

Read which item? (? for menu, Esc to quit)
As you read the scroll of fear, it crumbles to dust.
You assume a fearsome visage.
The hobgoblin looks frightened!
The orc priest looks frightened!
The orc wizard looks frightened!
The orc looks frightened!
The big fish looks frightened!
The electric eel looks frightened!
The orc wizard gestures wildly while chanting.
The orc wizard flickers and vanishes for a moment.
The electric eel turns to fight!
The electric eel shoots out a bolt of electricity!
The bolt of electricity hits you!
* * * LOW HITPOINT WARNING * * *
The orc priest screams, "Help!"
The orc priest turns to fight!
The orc priest looks braver.
The electric eel turns to fight!
The electric eel shoots out a bolt of electricity!
The bolt of electricity hits the electric eel.
The bolt of electricity hits you!
You die...

###.#####....≈≈≈≈... ###.#
#...≈≈≈;.o>.. ....#
#..≈≈.≈≈≈.o... %...#
#....{≈≈o.≈...≈ . ....#
#..;≈≈≈≈≈≈..≈≈≈≈ ≈≈..# #%..#
#....≈)≈;≈≈≈≈≈≈≈ ≈≈....# #...#
#....≈.)≈≈≈≈≈≈.. .....# #...#
#...≈≈..≈.≈...... ....# ###.#
#.......@........ ...# #.#
######..######### ###..# ###.#
##### #.## ##### #...## ....#
#...# #.# #.[.## #....)
....###...####.#####.)).####..%##
>.....h............)())..%%..###
#########...####)..##...######
#...# #....##### #...# ##...#


You could see 3 electric eels, an orc priest, an orc wizard (fleeing) and an orc
(fleeing).

Vanquished Creatures
  The ghost of BlessedChild the Markscentaur, an experienced CeHu of Okawaru (D:9)
  4 orc knights (Bailey)
  The ghost of mopl the Chopper, an average DDBe of Trog (Ossuary)
  A troll (D:10)
  A komodo dragon (D:8)
  A blink frog (D:8)
  6 yaks (D:10)
  A hungry ghost (D:8)
  A steam dragon (D:10)
  A wolf (D:10)
  3 hippogriffs
  Edmund (D:6)
  Menkaure (D:4)
  A necrophage (D:5)
  14 orc warriors
  A manticore (D:9)
  A sky beast (D:9)
  2 phantoms
  2 black bears
  6 ogres
  Sigmund (D:2)
  Duvessa (D:6)
  A centaur (D:9)
  2 big kobolds (D:9)
  2 crocodiles
  5 giant frogs
  A manticore skeleton (D:6)
  4 killer bees (D:8)
  An electric eel (D:10)
  6 crimson imps
  Dowan (D:6)
  A goliath beetle (D:9)
  6 hounds
  3 jellies
  2 orc priests
  6 iguanas
  7 worker ants
  2 scorpions
  4 orc wizards
  Ijyb (D:2)
  2 ogre skeletons
  A mummy (D:4)
  3 gnolls (D:3)
  18 adders
  An inept feature mimic (D:8)
  3 giant mites (D:6)
  3 worms
  An adder zombie (D:9)
  An adder skeleton (D:7)
  2 giant eyeballs
  5 giant geckos
  2 oozes
  45 orcs
  2 bat skeletons
  11 goblins
  21 hobgoblins
  5 jackals
  15 bats
  5 giant cockroaches
  A giant gecko skeleton (D:9)
  3 giant newts
  A giant spore (D:10)
  2 hobgoblin zombies (Ossuary)
  26 kobolds
  5 kobold zombies
  An orc skeleton (D:9)
  4 orc zombies (Ossuary)
  7 quokkas
  2 quokka skeletons
  18 rats
  A rat zombie (D:7)
  3 ballistomycetes (D:10)
327 creatures vanquished.

Vanquished Creatures (others)
  An orc (D:10)
1 creature vanquished.

Grand Total: 328 creatures vanquished

Notes
Turn   | Place    | Note
--------------------------------------------------------------
     0 | D:1      | PolkaDot, the Vampire Enchanter, began the quest for the Orb.
     0 | D:1      | Reached XP level 1. HP: 13/13 MP: 3/3
   316 | D:1      | Reached XP level 2. HP: 19/19 MP: 4/4
   729 | D:1      | Reached skill level 5 in Hexes
  1016 | D:1      | Reached XP level 3. HP: 22/24 MP: 6/6
  1982 | D:2      | Learned a level 3 spell: Confuse
  1998 | D:2      | Noticed Ijyb
  2045 | D:2      | Killed Ijyb
  2045 | D:2      | Reached XP level 4. HP: 7/30 MP: 1/7
  2124 | D:2      | Noticed Sigmund
  2502 | D:2      | Killed Sigmund
  2502 | D:2      | Reached skill level 5 in Stealth
  2502 | D:2      | Reached skill level 6 in Hexes
  2502 | D:2      | Reached XP level 5. HP: 35/35 MP: 5/9
  3438 | D:3      | Reached skill level 7 in Hexes
  3864 | D:3      | Reached XP level 6. HP: 41/41 MP: 3/10
  4126 | D:4      | Noticed Menkaure
  4146 | D:4      | Found a sand-covered staircase.
  4178 | Ossuary  | Entered an ossuary
  4348 | Ossuary  | Noticed mopl's ghost (average DDBe)
  4361 | Ossuary  | HP: 1/41 [mopl's ghost (9)]
  4377 | Ossuary  | Killed mopl's ghost
  4377 | Ossuary  | Reached skill level 8 in Hexes
  4377 | Ossuary  | Reached XP level 7. HP: 1/46 MP: 3/12
  4379 | Ossuary  | HP: 1/46 [adder zombie (1)]
  5636 | D:4      | Reached skill level 9 in Hexes
  5731 | D:4      | Learned a level 6 spell: Invisibility
  6014 | D:4      | Killed Menkaure
  6062 | D:5      | Entered Level 5 of the Dungeon
  6097 | D:5      | Found a staircase to the Ecumenical Temple.
  6110 | Temple   | Entered the Ecumenical Temple
  6202 | Temple   | Became a worshipper of Ashenzari the Shackled
  6371 | D:5      | Reached skill level 10 in Hexes
  6443 | D:5      | Reached XP level 8. HP: 52/52 MP: 7/13
  6931 | D:6      | Reached skill level 11 in Hexes
  7112 | D:6      | Reached skill level 10 in Stealth
  7196 | D:6      | Noticed Edmund
  7204 | D:6      | Killed Edmund
  7221 | D:6      | Noticed Dowan
  7227 | D:6      | Noticed Duvessa
  7232 | D:6      | Killed Dowan
  7232 | D:6      | Reached skill level 12 in Hexes
  7262 | D:6      | Killed Duvessa
  7706 | D:7      | Found an iron altar of Okawaru.
  7778 | D:7      | Reached XP level 9. HP: 57/57 MP: 9/14
  8074 | D:7      | Reached skill level 13 in Hexes
  8102 | D:7      | Learned a level 2 spell: Ensorcelled Hibernation
  8175 | D:8      | Found a flagged portal.
  8280 | Bailey   | Entered a bailey
  8569 | Bailey   | Reached skill level 5 in Short Blades
  8826 | Bailey   | Noticed an orc knight
  8826 | Bailey   | Noticed an orc knight
  8837 | Bailey   | Killed an orc knight
  8838 | Bailey   | Killed an orc knight
  8838 | Bailey   | Reached skill level 14 in Stealth
  8838 | Bailey   | Reached XP level 10. HP: 63/63 MP: 10/16
  8994 | Bailey   | Noticed an orc knight
  8997 | Bailey   | Noticed an orc knight
  9006 | Bailey   | Killed an orc knight
  9009 | Bailey   | Killed an orc knight
  9009 | Bailey   | Reached skill level 15 in Stealth
  9466 | D:8      | Found a staircase to the Lair.
  9476 | D:8      | Reached skill level 16 in Stealth
  9722 | D:8      | the staircase to the Lair was a mimic.
 10143 | D:9      | Found a staircase to the Orcish Mines.
 10491 | D:9      | Gained mutation: You are somewhat resistant to further mutation. [potion of beneficial mutation]
 10632 | D:9      | Noticed BlessedChild's ghost (experienced CeHu)
 10716 | D:8      | Found a shimmering altar of Xom.
 10716 | D:8      | Found a blossoming altar of Fedhas.
 10851 | D:9      | Killed BlessedChild's ghost
 10851 | D:9      | Reached XP level 11. HP: 38/68 MP: 9/17
 11042 | D:10     | Entered Level 10 of the Dungeon
 11369 | D:10     | Learned a level 2 spell: Sure Blade
 11374 | D:10     | Reached skill level 15 in Hexes
 11379 | D:10     | Reached skill level 17 in Stealth
 11635 | D:10     | Found a staircase to the Lair.
 11646 | D:10     | HP: 1/68 [electric eel/bolt of electricity (8)]
 11648 | D:10     | Killed from afar by an electric eel

Action                   |  1- 3 |  4- 6 |  7- 9 | 10-12 || total
-------------------------+-------+-------+-------+-------++-------
Melee: Dagger            |   196 |   176 |   485 |   187 ||  1044
Throw: Dart              |    14 |    11 |       |       ||    25
 Cast: Corona            |    32 |     4 |     1 |     2 ||    39
       Confuse           |     2 |    29 |    50 |    14 ||    95
       Invisibility      |       |       |     5 |     8 ||    13
       Ensorcelled Hiber |       |       |    14 |    38 ||    52
Evoke: Wand              |       |       |     2 |     6 ||     8
  Use: Potion            |     4 |     8 |     1 |     8 ||    21
       Scroll            |       |     6 |    11 |    15 ||    32
 Stab: Sleeping          |     9 |     9 |    42 |    95 ||   155
       Confused          |       |    14 |    30 |     3 ||    47
       Distracted        |       |     1 |       |     1 ||     2
       Invisible         |       |       |     8 |     1 ||     9
